 Dungeon Crawl Stone Soup version 0.21.0-3-g78d12a8bdd (webtiles) character file.

112 SirChikenkiller the Cudgeler (level 4, -6/41 HPs)
             Began as a Minotaur Berserker on Jan 13, 2018.
             Was a Believer of Trog.
             Killed from afar by an orc wizard (8 damage)
             ... with a puff of flame
             ... on level 3 of the Dungeon.
             The game lasted 00:16:22 (3301 turns).

SirChikenkiller the Cudgeler (Minotaur Berserker)   Turns: 3301, Time: 00:16:22

Health: -6/41      AC:  7    Str: 23    XL:     4   Next: 63%
Magic:  3/3        EV: 10    Int:  4    God:    Trog [**....]
Gold:   95         SH:  0    Dex:  9    Spells: 3/3 levels left

rFire    . . .     SeeInvis .   a - +1 mace
rCold    . . .     Gourm    .   (no shield)
rNeg     + . .     Faith    .   n - -2 chain mail (curse)
rPois    .         Spirit   .   (helmet restricted)
rElec    .         Reflect  .   (no cloak)
rCorr    .         Harm     .   (no gloves)
MR       .....                  (no boots)
Stlth    ..........             (no amulet)
HPRegen  0.13/turn              y - ring of positive energy
MPRegen  0.08/turn              E - +1 ring of evasion

@: starving
A: retaliatory headbutt, horns 2
a: Berserk, Trog's Hand, Burn Spellbooks, Renounce Religion


You were on level 3 of the Dungeon.
You worshipped Trog.
Trog was pleased with you.
You were starving.

You visited 1 branch of the dungeon, and saw 3 of its levels.

You collected 95 gold pieces.

Inventory:

Hand Weapons
 a - a +1 mace (weapon)
 d - a +0 club
 e - a +1 dagger of protection
 g - a +0 hand axe
 h - a +0 dagger
 k - a +0 dagger
 l - a +0 whip
 o - a +0 hunting sling
 r - a +0 club
 C - a +0 short sword
 F - a +0 mace
Missiles
 m - 29 poisoned needles
 s - 48 stones (quivered)
 v - 23 arrows
Armour
 b - a +0 animal skin
 f - a +2 robe of magic resistance
 n - a cursed -2 chain mail (worn)
 t - a +0 leather armour
 u - a +0 ring mail
 w - a +0 robe
 x - a +0 leather armour
 D - a +0 centaur barding
Jewellery
 y - a ring of positive energy (left hand)
 E - a +1 ring of evasion (right hand)
Wands
 p - a wand of disintegration (13)
Scrolls
 j - 2 scrolls of teleportation
 A - a scroll of remove curse {unknown}
 B - a scroll of identify {unknown}
Potions
 i - a potion of curing {unknown}
 q - a potion of heal wounds {unknown}
 z - a potion of might {unknown}
 G - a potion of flight {unknown}
Comestibles
 c - 3 rations


   Skills:
 + Level 4.3 Fighting
 + Level 5.1 Maces & Flails
 + Level 3.8 Armour
 + Level 2.4 Dodging
 + Level 0.2 Stealth


You had 3 spell levels left.
You didn't know any spells.

Dungeon Overview and Level Annotations

Branches:
Dungeon (3/15)

Altars:
Ashenzari
Hepliaklqana
Okawaru


Innate Abilities, Weirdness & Mutations

You reflexively headbutt those who attack you in melee.
You have a pair of horns on your head.


Message History

The orc wizard mumbles some strange words.
The orc wizard flickers and vanishes!
Deactivating autopickup; reactivate with Ctrl-A.
A magic dart appears from out of thin air!
The magic dart hits you!
* * * LOW HITPOINT WARNING * * *
A puff of flame appears from out of thin air!
The puff of flame hits you!
* * * LOW HITPOINT WARNING * * *
The giant cockroach bites you but does no damage.
You hit the giant cockroach.
You kill the giant cockroach!
Trog accepts your kill.
You can now call upon Trog for regeneration and protection from hostile enchantments.
You miss something. Something hits you but does no damage.
Found an agate ring.
You hear some strange, mumbled words.
A puff of flame appears from out of thin air!
The puff of flame hits you!
You die...

...###......#..#
#.#
_.....(......#
...###.......# .
#.#...#.#
#.#.#.#.#
#...#.# #
#####...#†#
..........#
.......@.##
###.............
#.#....#...... #
##...#......
..... .....
...........#
........ ....
.....=..###...


There were no monsters in sight!

Vanquished Creatures
  Jessica (D:3)
  An orc wizard (D:3)
  An adder (D:2)
  An ooze (D:2)
  A worm (D:2)
  A dart slug (D:1)
  A leopard gecko (D:2)
  3 orcs (D:3)
  3 bats
  3 giant cockroaches
  3 goblins
  6 hobgoblins
  3 jackals (D:2)
  3 kobolds
  A quokka (D:2)
  2 frilled lizards (D:1)
  3 rats
37 creatures vanquished.

Notes
Turn   | Place    | Note
-------+----------+-------------------------------------------
     0 | D:1      | SirChikenkiller the Minotaur Berserker began the quest for the Orb.
     0 | D:1      | Reached XP level 1. HP: 19/19 MP: 0/0
   172 | D:1      | Found a shattered altar of Ashenzari.
   407 | D:1      | Reached skill level 4 in Maces & Flails
   407 | D:1      | Reached XP level 2. HP: 27/27 MP: 1/1
  1693 | D:2      | Found an iron altar of Okawaru.
  1855 | D:2      | Reached XP level 3. HP: 31/33 MP: 2/2
  2934 | D:3      | Noticed Jessica
  2975 | D:3      | Killed Jessica
  2975 | D:3      | Reached XP level 4. HP: 21/41 MP: 3/3
  3255 | D:3      | Reached skill level 5 in Maces & Flails
  3288 | D:3      | Found a hazy altar of Hepliaklqana.
  3294 | D:3      | HP: 1/41 [something/puff of flame (4)]
  3298 | D:3      | Reached ** piety under Trog
  3301 | D:3      | Killed from afar by an orc wizard

Skill      XL: |  1  2  3  4 |
---------------+-------------+-----
Maces & Flails | 4 5 |  5.1
Fighting       | 4 |  4.3
Armour         | 3 |  3.8
Dodging        | |  2.4
Stealth        | |  0.2

Action                   |  1- 3 |  4- 6 || total
-------------------------+-------+-------++-------
Melee: Mace              |    79 |    29 ||   108
       Headbutt          |    11 |     6 ||    17
  Use: Scroll            |     4 |       ||     4
  Eat: Chunk             |     5 |       ||     5
Armor: Animal skin       |     1 |       ||     1
       Chain mail        |    36 |    28 ||    64
Dodge: Dodged            |    51 |    13 ||    64
